 Dungeon Crawl Stone Soup version 0.31-a0-844-gdc52ec4e09 (webtiles) character file.

Game seed: 6215182410902952150

43 graki42 the Firebug (level 3, -1/19 HPs)
             Began as a Deep Elf Fire Elementalist on Sept 28, 2023.
             Succumbed to an adder's poison
             ... on level 2 of the Dungeon.
             The game lasted 00:03:50 (1461 turns).

graki42 the Firebug (Deep Elf Fire Elementalist)    Turns: 1461, Time: 00:03:51

Health: -1/19      AC:  1    Str:  7    XL:     3   Next: 37%
Magic:  8/10       EV: 12    Int: 19    God:
Gold:   72         SH:  0    Dex: 13    Spells: 6/9 levels left

rFire   . . .        (no weapon)
rCold   . . .        (no shield)
rNeg    . . .        a - +0 robe
rPois   .            (no helmet)
rElec   .            (no cloak)
rCorr   .            (no gloves)
SInv    .            (no boots)
Will    .....        (no amulet)
Stlth   ++           (no ring)
HPRegen 0.23/turn    (no ring)
MPRegen 0.12/turn

%: random rage (3%)
@: lethally poisoned (-1 -> -16)
A: hooves 1, berserk 1, clumsy 1, deformed body
a: no special abilities


You were on level 2 of the Dungeon.
You visited 1 branch of the dungeon, and saw 2 of its levels.

You collected 72 gold pieces.

Inventory:

Armour
 a - a +0 robe (worn)
Scrolls
 c - a scroll of amnesia {unknown}
 d - a scroll of teleportation {unknown}
 f - a scroll of vulnerability {unknown}
 h - a scroll of acquirement {unknown}
Potions
 b - 3 potions of magic
 g - a potion of haste {unknown}


   Skills:
 - Level 3.0 Dodging
 - Level 3.0 Stealth
 + Level 3.6 Spellcasting
 + Level 1.9 Conjurations
 + Level 3.7 Fire Magic


You had 6 spell levels left.
You knew the following spells:

 Your Spells              Type           Power      Damage    Failure   Level
a - Foxfire               Conj/Fire      56%        2x1d6     4%          1
b - Scorch                Fire           34%        2d6       4%          2

Your spell library contained the following spells:

 Spells                   Type           Power      Damage    Failure   Level
 Magic Dart               Conj           40%        1d5       7%          1
 Inner Flame              Hex/Fire       10%        N/A       21%         3
 Volatile Blastmotes      Fire/Tloc      20%        2d11      21%         3
 Call Imp                 Summ           6%         N/A       22%         2
 Mephitic Cloud           Conj/Pois/Air  5%         N/A       32%         3
 Flame Wave               Conj/Fire      14%        2d6       41%         4


Dungeon Overview and Level Annotations

Branches:
Dungeon (2/15)

Altars:
Gozag


Innate Abilities, Weirdness & Mutations

You have large cloven feet.
You sometimes lose your temper in combat.
You are clumsy. (Dex -2)
Armour fits poorly on your strangely shaped body.


Message History

A giant cockroach comes into view.
Casting: Foxfire (safe; 4% risk of failure)
Confirm with . or Enter, or press ? or * to list all spells.
You conjure some foxfire!
The foxfire hits the giant cockroach.
The giant cockroach is moderately wounded.
The foxfire hits the giant cockroach.
You kill the giant cockroach!
Found an opulent altar of Gozag.
h - a scroll labelled ZIDYCUNKIB
There is an opulent altar of Gozag here.
You now have 72 gold pieces (gained 7).
An adder comes into view.
The adder hisses angrily.
The adder moves out of view.
The adder attacks as it pursues you! The adder closely misses you.
The adder bites you.
You are poisoned.
The adder poisons you!
Casting: Foxfire (safe; 4% risk of failure)
Confirm with . or Enter, or press ? or * to list all spells.
You conjure some foxfire!
You feel sick. The adder barely misses you.
You feel sick.
The foxfire hits the adder.
The adder is heavily wounded.
The adder bites you.
You are lethally poisoned!
The adder poisons you!
Unknown command.
Casting: Foxfire (safe; 4% risk of failure)
Confirm with . or Enter, or press ? or * to list all spells.
You conjure some foxfire!
You feel very sick. The adder bites you. x2
* * * LOW HITPOINT WARNING * * *
You are more poisoned.
The adder poisons you!
It was a potion of mutation.
You feel extremely strange.
You feel a little pissed off.
You feel clumsy.
Your body twists and deforms.
Your feet thicken and deform.
You die...

...............##.#.###....
#..##..#.###...###.######
.###......#.# ####.#.## #
..........#.# ##.## #
.###..._..#.# #.# #
#......#.# #.# # ##......#.#
#.########
#.......##vv#######.........
#.##..#####@.....♣♣♣########
. ###.###Sv####♣.. #.#.#.#
#.♣♣♣♣ .......♣♣ ......♣
####.. ##


You could see an adder (ally target).

Vanquished Creatures
  A gnoll (D:1)
  A dart slug (D:1)
  2 endoplasms (D:2)
  3 giant cockroaches
  3 goblins
  2 hobgoblins
  5 jackals
  2 kobolds (D:1)
  3 ball pythons
  2 bats (D:2)
  5 rats
29 creatures vanquished.

Vanquished Creatures (others)
  77 foxfires
77 creatures vanquished.

Grand Total: 106 creatures vanquished

Notes
Turn   | Place    | Note
-------+----------+-------------------------------------------
     0 | D:1      | graki42 the Deep Elf Fire Elementalist began the quest for
                  | the Orb.
     0 | D:1      | Reached XP level 1. HP: 10/10 MP: 6/6
   255 | D:1      | Reached XP level 2. HP: 15/15 MP: 4/8
   258 | D:1      | Learned a level 2 spell: Scorch
   870 | D:1      | Reached XP level 3. HP: 19/19 MP: 6/9
  1432 | D:2      | Found an opulent altar of Gozag.
  1461 | D:2      | Gained mutation: You sometimes lose your temper in combat.
                  | [potion of mutation]
  1461 | D:2      | Gained mutation: You are clumsy. (Dex -2) [potion of
                  | mutation]
  1461 | D:2      | Gained mutation: Armour fits poorly on your strangely
                  | shaped body. [potion of mutation]
  1461 | D:2      | Gained mutation: You have large cloven feet. [potion of
                  | mutation]
  1461 | D:2      | Succumbed to an adder's poison

Illustrated notes

Levels and vault maps discovered:
D:1:      eino_arrival_druids_welcome, layout_basic
D:2:      layout_loops_ring, basic_altar, shapermc_ecumenical_altar_totnotflames

Skill      XL: |  1  2  3 |
---------------+----------+-----
Stealth        | 3 |  3.0
Dodging        | 3 |  3.0
Spellcasting   | |  3.6
Conjurations   | |  1.9
Fire Magic     | |  3.7

Action                     || total
---------------------------++-------
  Melee: Unarmed           ||     1
   Cast: Foxfire           ||    47
         Scorch            ||     2
    Use: Potion            ||     1
 Armour: Robe              ||     8
  Dodge: Dodged            ||    15

Table legend: (Time is in decaauts)
 A = Elapsed time spent in this place.
 B = Non-inter-level travel time spent in this place.
 C = Inter-level travel time spent in this place.
 D = Time resting spent in this place.
 E = Time spent auto-exploring this place.
 F = Levels seen in this place.
 G = Mean time per level.
                   A        B        C        D        E       F      G
               +--------+--------+--------+--------+--------+-----+--------+
         Total |   1460 |   1439 |     21 |      0 |   1258 |   2 |  730.0 |
       Dungeon |   1460 |   1439 |     21 |      0 |   1258 |   2 |  730.0 |
               +--------+--------+--------+--------+--------+-----+--------+

Top non-repeatable levels by time:
     D:1: 996 daAuts
     D:2: 464 daAuts
